 Dungeon Crawl Stone Soup version 0.18-a0-1649-g8d9735b (webtiles) character file.

161 M4edhros the Charlatan (level 5, -5/37 HPs)
             Began as a Formicid Artificer on Mar 29, 2016.
             Slain by a sky beast (7 damage)
             ... on level 5 of the Dungeon.
             The game lasted 00:06:33 (3963 turns).

M4edhros the Charlatan (Formicid Artificer)         Turns: 3963, Time: 00:06:33

Health: -5/37      AC:  6    Str: 16    XL:     5   Next: 70%
Magic:  10/17      EV:  9    Int: 13    God:
Gold:   236        SH:  0    Dex: 12    Spells: 0 memorised, 4 levels left

rFire  . . .     SeeInvis +     a - +0 short sword
rCold  . . .     Gourm    .     t - +0 scale mail
rNeg   . . .     Faith    .     (no shield)
rPois  .         Spirit   .     (helmet unavailable)
rElec  .         Dismiss  +     (no cloak)
rCorr  .         Reflect  .     (no gloves)
SustAt .         Harm     .     (no boots)
MR     .....                    h - amulet of dismissal
Stlth  +.........               (no ring)
                                j - ring of magical power

@: not resistant to hostile enchantments, very unstealthy
A: permanent stasis, dig shafts and tunnels, four strong arms, antennae 3,
clever 1, evolution 1, MP-powered wands
a: Dig, Shaft Self


You were on level 5 of the Dungeon.
You were hungry.

You visited 1 branch of the dungeon, and saw 4 of its levels.

You collected 236 gold pieces.

Inventory:

Hand Weapons
 a - a +0 short sword (weapon)
 l - a +0 hunting sling
Missiles
 g - 37 sling bullets
 k - 134 stones (quivered)
 v - 16 poisoned needles
Armour
 b - a +0 leather armour
 t - a +0 scale mail (worn)
Jewellery
 h - an amulet of dismissal (around neck)
 j - a ring of magical power (left hand)
Wands
 c - a wand of flame (14/48)
 d - a wand of enslavement (10/24)
 e - a wand of random effects (15/48)
 u - a wand of slowing (0/48)
Scrolls
 i - 3 scrolls of identify {unknown}
 n - a scroll of teleportation {unknown}
 o - a scroll of recharging {unknown}
 q - a scroll of remove curse {unknown}
 r - a scroll of amnesia {unknown}
 s - a scroll of enchant weapon {unknown}
Comestibles
 f - 2 bread rations


   Skills:
 - Level 1.1 Fighting
 - Level 1.0 Short Blades
 - Level 1.7 Dodging
 - Level 4.8 Stealth
 + Level 5.1 Evocations


You had 4 spell levels left.
You didn't know any spells.

Dungeon Overview and Level Annotations

Branches:
Dungeon (3/15)

Altars:
Elyvilon
Trog

Annotations:
D:1 1 runed door


Innate Abilities, Weirdness & Mutations

You are under a permanent stasis effect.
You can dig through walls and to a lower floor.
Your four strong arms can wield two-handed weapons with a shield.
You have a pair of large antennae on your head (SInv).
Your mind is acute. (Int +2)
You evolve.
You expend magic power (3 MP) to strengthen your wands.


Message History

r - Retreat! s - Stop attacking. w - Wait here. f - Follow me.
Anything else - Stay silent.
Wait here!
You're too hungry to rest.
Eat which item? (? for menu, Esc to quit)
You are feeling hungry.
Mmm...
Ham and pineapple.
You start resting.
Your bat disappears in a puff of smoke!
You sense a monster nearby.
Evoke which item? (* to show all) (? for menu, Esc to quit)
Zapping:
d - a wand of enslavement (11/24)
Press: ? - help, Shift-Dir - straight line, f - sky beast
Aim: a sky beast (chance to defeat MR: 64%)
The sky beast struggles to resist.
This wand has 10 charges left.
The sky beast hits you.
* * * LOW HITPOINT WARNING * * *
The sky beast shocks you!
You die...

. ###########
.##
####{#.#.#.#@#
...
#...#.#.#.#Y##
#.##...#########
#..#...#
###.....##
.{a......#
.Y##...$....
..##....###..
..#...### #


You could see a sky beast.

Vanquished Creatures
  Terence (D:2)
  A worker ant (D:5)
  2 adders (D:2)
  3 oozes (D:1)
  3 worms (D:2)
  A dart slug (D:2)
  3 giant geckos
  4 orcs (D:3)
  6 bats
  2 giant cockroaches (D:2)
  6 goblins
  5 hobgoblins
  2 jackals (D:2)
  8 kobolds
  2 quokkas (D:2)
  3 ball pythons
  7 giant newts
  9 rats
68 creatures vanquished.

Vanquished Creatures (others)
  Eustachio (D:5)
  A goblin (D:2)
  A quokka (D:2)
3 creatures vanquished.

Grand Total: 71 creatures vanquished

Notes
Turn   | Place    | Note
--------------------------------------------------------------
     0 | D:1      | M4edhros the Formicid Artificer began the quest for the Orb.
     0 | D:1      | Reached XP level 1. HP: 15/15 MP: 3/3
     1 | D:1      | Found a runed door.
   233 | D:1      | Reached XP level 2. HP: 21/21 MP: 4/4
   343 | D:1      | Reached XP level 3. HP: 18/26 MP: 5/5
  1233 | D:2      | Reached XP level 4. HP: 15/32 MP: 6/6
  1414 | D:2      | Reached skill level 4 in Evocations
  1798 | D:2      | Found a white marble altar of Elyvilon.
  1855 | D:2      | Gained mutation: You evolve. [potion of mutation]
  1855 | D:2      | Gained mutation: Your mind is acute. (Int +2) [potion of mutation]
  1855 | D:2      | Gained mutation: Your flesh is cold resistant. [potion of mutation]
  2163 | D:2      | Lost mutation: Your flesh is cold resistant. [evolution]
  2171 | D:2      | Found a bloodstained altar of Trog.
  2259 | D:2      | Noticed Terence
  2660 | D:2      | HP: 1/32 [quokka (4)]
  3177 | D:2      | Killed Terence
  3177 | D:2      | Reached XP level 5. HP: 10/37 MP: 8/8
  3685 | D:3      | Gained mutation: Scrolls take you a little longer to read. [potion of mutation]
  3685 | D:3      | Gained mutation: You expend magic power (3 MP) to strengthen your wands. [potion of mutation]
  3685 | D:3      | Lost mutation: Scrolls take you a little longer to read. [potion of mutation]
  3878 | D:3      | You fall through a shaft for 2 floors!
  3878 | D:5      | Entered Level 5 of the Dungeon
  3878 | D:5      | Noticed Eustachio
  3878 | D:5      | Noticed a sky beast
  3915 | D:5      | Reached skill level 5 in Evocations
  3928 | D:5      | HP: 1/37 [river rat[Eustachio] (2)]
  3956 | D:5      | Your ally died
  3963 | D:5      | Slain by a sky beast

Vault maps used:
D:1:      dpeg_arrival_caged_fury
D:2:      elyvilon_altar_4, old_standard_altar, due_unseen_surprise,
          uniq_terence
D:5:      portal_sewer_entry_f, first_bread, nicolae_tso_swordbearing_angel,
          uniq_eustachio, uniq_duvessa, uniq_edmund

Skill      XL: |  1  2  3  4  5 |
---------------+----------------+-----
Stealth        | 2 3 4 |  4.8
Evocations     | 4 5 |  5.1
Fighting       | |  1.1
Short Blades   | |  1.0
Dodging        | |  1.7

Action                   |  1- 3 |  4- 6 || total
-------------------------+-------+-------++-------
Melee: Short sword       |   169 |   243 ||   412
 Abil: Dig               |       |     5 ||     5
       Shaft Self        |       |     1 ||     1
Evoke: Wand              |       |     6 ||     6
  Use: Potion            |       |     7 ||     7
       Scroll            |       |     1 ||     1
 Stab: Distracted        |     1 |     1 ||     2
       Sleeping          |       |     7 ||     7
  Eat: Chunk             |     1 |     8 ||     9
       Pizza             |       |     1 ||     1
